 Dungeon Crawl Stone Soup version 0.29-a0-284-gf9362112df (webtiles) character file.

Game seed: 8170072259115357248

13800 rabbitsville the Thaumaturge (level 12, 0/70 HPs)
             Began as a Djinni Ice Elementalist on Mar 24, 2022.
             Was an Elder of Ru.
             Slain by a four-headed hydra (11 damage)
             ... on level 11 of the Dungeon.
             The game lasted 01:19:06 (13473 turns).

rabbitsville the Thaumaturge (DjIE)                Turns: 13473, Time: 01:19:06

Health: 0/70       AC:  9    Str:  7    XL:     12   Next: 37%
Gold:   1077       EV: 10    Int: 23    God:    Ru [****..] SH:  5 Dex: 13

rFire   + + .      SeeInvis .   v - staff of cold
rCold   . . .      Faith    .   (shield unavailable)
rNeg    . . .      Spirit   .   g - +0 troll leather armour
rPois   ∞          Reflect  +   k - +0 helmet
rElec   .          Harm     .   (no cloak)
rCorr   .          Rampage  .   (no gloves)
Will    +....                   (boots unavailable)
Stlth   ++........              K - amulet of reflection
HPRegen 1.01/turn               (ring unavailable)
MPRegen 0.00/turn               w - +4 ring of protection

@: flying
A: sickness immunity, fire resistance 2, cold vulnerability 1, missing a hand,
inability to train dodging, float, innate caster, HP casting, extra vitality 1
a: Renounce Religion, Draw Out Power, Power Leap


You were on level 11 of the Dungeon.
You worshipped Ru.
Ru was greatly pleased with you.
You visited 2 branches of the dungeon, and saw 13 of its levels.

You collected 1077 gold pieces.

Inventory:

Hand Weapons
 b - a +0 battleaxe
 q - a +1 falchion of holy wrath
Missiles
 J - 3 throwing nets
Armour
 a - a +0 robe
 g - a +0 troll leather armour (worn)
 k - a +0 helmet (worn)
 r - a +1 leather armour of cold resistance
 x - +0 steam dragon scales
Magical Staves
 v - a staff of cold (weapon)
Jewellery
 i - a ring of positive energy
 w - a +4 ring of protection (right hand)
 I - a ring of wizardry
 K - an amulet of reflection (around neck)
 M - a ring of protection from cold
Wands
 t - a wand of flame (17)
 F - a wand of charming (4)
 N - a wand of acid (2)
Scrolls
 d - 3 scrolls of summoning
 e - 2 scrolls of brand weapon {unknown}
 f - 2 scrolls of vulnerability {unknown}
 h - 2 scrolls of silence {unknown}
 j - 5 scrolls of teleportation
 l - a scroll of amnesia {unknown}
 m - a scroll of enchant weapon {unknown}
 n - 3 scrolls of magic mapping
 o - 4 scrolls of fear
 s - 2 scrolls of enchant armour {unknown}
 y - a scroll of fog {unknown}
 B - 2 scrolls of noise
 E - a scroll of holy word {unknown}
 G - a scroll of blinking {unknown}
 L - 2 scrolls of immolation
Potions
 c - 3 potions of lignification
 p - a potion of brilliance
 u - 2 potions of heal wounds
 z - a potion of flight {unknown}
 A - a potion of berserk rage {unknown}
 C - 3 potions of mutation
 D - 2 potions of might
 H - a potion of resistance {unknown}
 O - 2 potions of curing


   Skills:
 + Level 2.0 Staves
 - Level 1.5 Stealth
 * Level 13.9 Spellcasting
 - Level 7.0 Evocations


You had 14 spell levels left.
You knew the following spells:

 Your Spells              Type           Power      Damage    Failure   Level
a - Freeze                Ice            100%       1d11      1%          1
b - Frozen Ramparts       Ice            100%       1d12      1%          3
c - Ozocubu's Armour      Ice            88%        N/A       1%          3
d - Hailstorm             Conj/Ice       88%        3d18      1%          4
e - Apportation           Tloc           100%       N/A       1%          1
f - Static Discharge      Conj/Air       69%        N/A       1%          2
g - Ensorcelled Hibernat  Hex/Ice        100%       N/A       1%          2
h - Teleport Other        Tloc           69%        N/A       1%          3
i - Borgnjor's Vile Clut  Necr/Erth      34%        N/A       1%          5
Your spell library was empty.

Dungeon Overview and Level Annotations

Branches:
Dungeon (12/15)            Temple (1/1) D:6            Lair (0/6) D:9
    Orc: D:9-12

Altars:
Ashenzari
Cheibriados
Dithmenos
Elyvilon
Fedhas
Gozag
Hepliaklqana
Kikubaaqudgha
Makhleb
Nemelex Xobeh
Okawaru
Qazlal
Ru
Sif Muna
Trog
Uskayaw
Vehumet
Wu Jian
Xom
Yredelemnul
Zin
The Shining One

Shops:
D:1 ?

Annotations:
D:11 2 transporters
D:12 Erolcha


Innate Abilities, Weirdness & Mutations

You are immune to sickness and miasma.
You are immune to poison.
Your flesh is very heat resistant. (rF++)
You are vulnerable to cold. (rC-)
You are missing a hand.
You cannot train Dodging skill.
You float through the air rather than walking.
You learn spells naturally, not from books.
Your magical power is your life essence.
You have superior vitality. (+4 MHP)


Message History

The four-headed hydra bites you!
The four-headed hydra closely misses you.
The four-headed hydra bites you!
* * * LOW HITPOINT WARNING * * *
The four-headed hydra closely misses you.
A phantom comes into view.
A two-headed ogre comes into view. It is wielding two +0 giant clubs.
There is a stone staircase leading up here.
The two-headed ogre shouts in stereo!
The four-headed hydra barely misses you.
The four-headed hydra closely misses you.
You block the four-headed hydra's attack.
The four-headed hydra bites you!
* * * LOW HITPOINT WARNING * * *
You fly upwards.
Level annotation: 2 transporters
There is a stone staircase leading down here.
Aiming: Ensorcelled Hibernation (safe; 1% risk of failure)
Press: ? - help, Q - select action, (/) - cycle Shift-Dir - straight line, f - four-headed hydra
Aim: a four-headed hydra (severely wounded, chance to affect: 37%)
You feel a surge of power!
The four-headed hydra easily resists.
* * * LOW HITPOINT WARNING * * *
The four-headed hydra bites you but does no damage.
You block the four-headed hydra's attack. x2
The four-headed hydra bites you!
* * * LOW HITPOINT WARNING * * *
You don't have enough health to cast this spell.
You feel much better.
The four-headed hydra is stunned by your conviction and fails to attack.
Aiming: Borgnjor's Vile Clutch (dangerous; 1% risk of failure)
Press: ? - help, Q - select action, (/) - cycle Shift-Dir - straight line, f/p - four-headed hydra
Aim: a four-headed hydra (severely wounded, 100% to hit)
Zombie hands grab the four-headed hydra.
The zombie hands constrict the four-headed hydra!
The four-headed hydra bites you!
* * * LOW HITPOINT WARNING * * *
The four-headed hydra completely misses you.
The four-headed hydra bites you but does no damage.
The four-headed hydra bites you!
You die...

#.........# #...# #...##...
###......#..# #...#
###.#.##.## ..#.#.......#
#...# #...#....##
#........##.####.####
#.#####....
..###.#####.#.......#
#...#....## ###
#.#####.........#####.#.##...
#..............^........#####
########..........##......# #
#.......#.....@...##.#.##.# #
#(#####.#....D....##.#.##.# #
#.#####.#.#..)[...##...##.# #
#.##.............###..###.# #
#.##.##.#.#.#...## #..###.#
#.##.##.#.####..## #......#
#.......#........# ##.#####
####.#######.....# #.# #....#
#.....# #.#


You could see a four-headed hydra (clutched).

Vanquished Creatures
  8 two-headed ogres
  Nergalle (D:11)
  Lodul (D:10)
  Pikel (D:8)
  A manticore (D:11)
  An unseen horror (D:11)
  3 trolls
  2 vampires
  2 wyverns
  Eustachio (D:4)
  A steam dragon (D:6)
  3 vampire mosquitoes (D:10)
  2 acid dragons
  2 water moccasins
  8 orc warriors
  5 ice beasts
  2 sky beasts
  A black bear (D:5)
  4 ogres
  4 centaurs
  A lemure (D:8)
  2 kobold brigands
  6 scorpions
  3 bullfrogs
  2 gnoll sergeants
  3 necrophages
  4 wights (D:8)
  8 howler monkeys
  6 hounds
  3 jellies
  An orc priest (D:8)
  7 iguanas
  9 orc wizards
  7 gnolls
  9 adders
  A shadow imp (D:7)
  5 white imps
  2 dart slugs
  2 worms
  79 orcs
  10 ball pythons
  6 bats
  9 endoplasms
  3 giant cockroaches
  4 goblins
  4 hobgoblins
  7 quokkas
  3 frilled lizards
  10 kobolds
  An orc zombie (D:12)
  6 rats
276 creatures vanquished.

Notes
Turn   | Place    | Note
-------+----------+-------------------------------------------
     0 | D:1      | rabbitsville the Djinni Ice Elementalist began the quest
                  | for the Orb.
     0 | D:1      | Reached XP level 1. HP: 15/15 MP: 0/0
   179 | D:1      | Found Uhayrude's Magic Scroll Boutique.
   198 | D:1      | Reached XP level 2. HP: 18/21 MP: 0/0
   896 | D:2      | Reached XP level 3. HP: 25/25 MP: 0/0
   896 | D:2      | Learned a level 1 spell: Apportation
   989 | D:2      | You are sucked into a shaft and drop 1 floor!
  1107 | D:3      | Found a faded altar of an unknown god.
  1148 | D:3      | Found a basalt altar of Yredelemnul.
  1179 | D:2      | Reached skill level 4 in Spellcasting
  1703 | D:2      | Reached XP level 4. HP: 18/31 MP: 0/0
  2795 | D:3      | Found a hide-covered altar of Uskayaw.
  3063 | D:3      | Reached XP level 5. HP: 24/35 MP: 0/0
  3063 | D:3      | Learned a level 2 spell: Static Discharge
  3440 | D:3      | Found a white marble altar of Elyvilon.
  3768 | D:4      | Reached skill level 5 in Spellcasting
  3984 | D:4      | Reached XP level 6. HP: 23/40 MP: 0/0
  4323 | D:4      | Noticed Eustachio
  4361 | D:4      | Killed Eustachio
  4362 | D:4      | Reached skill level 6 in Spellcasting
  4362 | D:4      | Reached XP level 7. HP: 15/45 MP: 0/0
  4362 | D:4      | Learned a level 2 spell: Ensorcelled Hibernation
  5370 | D:5      | Entered Level 5 of the Dungeon
  5526 | D:5      | Reached skill level 7 in Spellcasting
  5540 | D:5      | Reached XP level 8. HP: 22/50 MP: 0/0
  5883 | D:5      | Reached skill level 8 in Spellcasting
  6085 | D:5      | Noticed a troll
  6333 | D:5      | Killed a troll
  6627 | D:5      | Reached XP level 9. HP: 53/55 MP: 0/0
  6627 | D:5      | Learned a level 3 spell: Teleport Other
  6717 | D:5      | Reached skill level 9 in Spellcasting
  6873 | D:5      | Noticed a two-headed ogre
  6973 | D:6      | Reached skill level 1 in Evocations
  7242 | D:6      | Found a staircase to the Ecumenical Temple.
  7256 | Temple   | Entered the Ecumenical Temple
  7406 | Temple   | Became a worshipper of Ru the Awakened
  7994 | D:6      | Found a stormy altar of Qazlal.
  8246 | D:7      | Reached skill level 10 in Spellcasting
  8316 | D:7      | Reached XP level 10. HP: 46/60 MP: 0/0
  8785 | D:7      | Gained mutation: You cannot train Dodging skill. [Ru
                  | sacrifice]
  8785 | D:7      | Reached * piety under Ru
  9306 | D:8      | Reached skill level 5 in Evocations
  9853 | D:8      | Noticed Pikel
  9856 | D:8      | Killed Pikel
  9857 | D:8      | Reached skill level 11 in Spellcasting
 10398 | D:9      | Noticed a two-headed ogre
 10405 | D:9      | Killed a two-headed ogre
 10407 | D:9      | Reached XP level 11. HP: 40/65 MP: 0/0
 10407 | D:9      | Learned a level 5 spell: Borgnjor's Vile Clutch
 10859 | D:9      | Found a glowing golden altar of the Shining One.
 11028 | D:9      | Found a staircase to the Lair.
 11029 | D:9      | Gained mutation: You are missing a hand. [Ru sacrifice]
 11029 | D:9      | Reached ** piety under Ru
 11029 | D:9      | Reached *** piety under Ru
 11029 | D:9      | Reached **** piety under Ru
 11403 | D:10     | Entered Level 10 of the Dungeon
 11704 | D:5      | Killed a two-headed ogre
 11705 | D:5      | Reached skill level 12 in Spellcasting
 11783 | D:5      | Identified the +0 ring mail of Coshrik {Int+2}
 12238 | D:10     | Noticed a two-headed ogre
 12244 | D:10     | Noticed a two-headed ogre
 12246 | D:10     | Noticed a two-headed ogre
 12246 | D:10     | Killed a two-headed ogre
 12247 | D:10     | Noticed a two-headed ogre
 12249 | D:10     | Killed a two-headed ogre
 12251 | D:10     | Killed a two-headed ogre
 12251 | D:10     | Noticed a two-headed ogre
 12252 | D:10     | Killed a two-headed ogre
 12252 | D:10     | Noticed Lodul
 12253 | D:10     | Reached skill level 13 in Spellcasting
 12258 | D:10     | Killed Lodul
 12261 | D:10     | Noticed a two-headed ogre
 12270 | D:10     | Killed a two-headed ogre
 12271 | D:10     | Reached XP level 12. HP: 9/70 MP: 0/0
 12451 | D:11     | Found a transporter.
 12465 | D:11     | Found a transporter.
 12476 | D:11     | Noticed an orc high priest
 13020 | D:10     | Found a sparkling altar of Nemelex Xobeh.
 13049 | D:10     | Found an iron altar of Okawaru.
 13157 | D:10     | Killed a two-headed ogre
 13158 | D:10     | Reached skill level 1 in Staves
 13405 | D:12     | Noticed Nergalle
 13417 | D:11     | Killed Nergalle
 13458 | D:12     | Noticed a four-headed hydra
 13462 | D:12     | Noticed Erolcha
 13467 | D:12     | Noticed a two-headed ogre
 13470 | D:11     | HP: 3/70 [four-headed hydra (9)]
 13473 | D:11     | Slain by a four-headed hydra

Illustrated notes

Levels and vault maps discovered:
D:1:      dpeg_arrival_water_temple_mockup, layout_loops_ring, serial_shops,
          nicolae_shop_trees
D:2:      layout_basic, kennysheep_generic_room_2
D:3:      layout_rooms, elyvilon_altar_4, mainiacjoe_overflow_catwalk_spiral,
          hellmonk_ecumenical_altar_inner_sanctum
D:4:      layout_gridville, minmay_fractal_squares_5, uniq_eustachio
D:5:      layout_cave_pools, st_stairs_11
D:6:      layout_basic, mainiacjoe_overflow_six_doors_small, temple_statues
D:7:      layout_cave_pods
D:8:      layout_basic, special_room [special_room_orc], uniq_pikel
D:9:      layout_basic, grunt_temple_overflow_magic_moments,
          kennysheep_mini_moat, lair_entry_dummy
D:10:     layout_cave_pools, mainiacjoe_overflow_two_lobes, uniq_lodul
D:11:     gammafunk_wand_slinger, layout_loops_cross
D:12:     layout_cave_pools, zombieorc1_lemuel, water_boxes_lemuel,
          uniq_nergalle, uniq_erolcha
Temple:   minmay_temple_bridge_abc

Skill      XL: |  1  2  3  4  5  6  7  8  9 10 11 12 |
---------------+-------------------------------------+-----
Spellcasting   | 4 5 6 7 8 10 11 13 | 13.9
Evocations     | 4 6 7 |  7.0
Dodging        | 0 |  0.0
Staves         | 2 |  2.0
Stealth        | |  1.5

Action                   |  1- 3 |  4- 6 |  7- 9 | 10-12 || total
-------------------------+-------+-------+-------+-------++-------
Melee: Battleaxe         |    63 |    58 |       |       ||   121
       Falchion          |       |       |    64 |       ||    64
       Staff             |       |       |    99 |    42 ||   141
       Punch             |       |       |     2 |     1 ||     3
 Cast: Freeze            |    14 |    45 |    22 |     8 ||    89
       Apportation       |     2 |       |     1 |       ||     3
       Static Discharge  |       |     5 |     8 |     8 ||    21
       Ozocubu's Armour  |       |     2 |    10 |     3 ||    15
       Frozen Ramparts   |       |       |    32 |    16 ||    48
       Ensorcelled Hiber |       |       |     2 |     5 ||     7
       Hailstorm         |       |       |     6 |   125 ||   131
       Teleport Other    |       |       |     3 |       ||     3
       Borgnjor's Vile C |       |       |       |     3 ||     3
Invok: Sacrifice Nimblen |       |       |       |     1 ||     1
       Sacrifice a Hand  |       |       |       |     1 ||     1
       Reject Sacrifices |       |       |       |     1 ||     1
Evoke: Wand              |       |       |    10 |     2 ||    12
  Use: Potion            |       |       |     4 |     2 ||     6
       Scroll            |       |       |       |     8 ||     8
 Stab: Sleeping          |     8 |     5 |     2 |       ||    15
Armor: Robe              |    17 |    36 |       |       ||    53
       Leather armour    |       |       |    21 |       ||    21
       Skin              |       |       |     9 |       ||     9
       Troll leather arm |       |       |    71 |    21 ||    92
Dodge: Dodged            |    72 |    61 |   110 |    51 ||   294
Block: Other             |       |       |       |     9 ||     9
       Reflection        |       |       |       |     1 ||     1

Table legend: (Time is in decaauts)
 A = Elapsed time spent in this place.
 B = Non-inter-level travel time spent in this place.
 C = Inter-level travel time spent in this place.
 D = Time resting spent in this place.
 E = Time spent auto-exploring this place.
 F = Levels seen in this place.
 G = Mean time per level.
                   A        B        C        D        E       F      G
               +--------+--------+--------+--------+--------+-----+--------+
         Total |  13609 |  13105 |    504 |   3003 |   5305 |  13 | 1046.8 |
       Dungeon |  13439 |  12935 |    504 |   3003 |   5201 |  12 | 1119.9 |
        Temple |    169 |    169 |      0 |      0 |    104 |   1 |  169.0 |
               +--------+--------+--------+--------+--------+-----+--------+

Top non-repeatable levels by time:
     D:4: 1781 daAuts
     D:5: 1776 daAuts
     D:2: 1701 daAuts
     D:8: 1222 daAuts
     D:9: 1163 daAuts
     D:3: 1109 daAuts
     D:7: 1105 daAuts
     D:6: 1081 daAuts
     D:1: 915 daAuts
    D:10: 837 daAuts
    D:11: 712 daAuts
  Temple: 169 daAuts
    D:12: 32 daAuts
